 Dungeon Sprint DCSS version 0.30.0-29-ga12c61a403 (webtiles) character file.

Game seed: 3319997203565688541

12562 boopmooplesden the Impaler (level 11, -4/116 HPs)
             Began as a Grey Draconian Berserker on June 24, 2023.
             Was the Champion of Trog.
             Slain by an orc knight
             ... wielding a +2 great sword of venom
              (29 damage)
             ... in the Dungeon (Sprint IX: "|||||||||||||||||||||||||||||").
             The game lasted 00:04:17 (1482 turns).

boopmooplesden the Impaler (DrBe)                   Turns: 1482, Time: 00:04:18

Health: -4/116     AC: 14    Str: 26    XL:     11   Next: 64%
Magic:  3/3        EV: 19    Int:  8    God:    Trog [******]
Gold:   675        SH:  0    Dex: 14    Spells: 10/10 levels left

rFire   x . .        u - +10 trident of Dividends {antimagic, rF- rC++}
rCold   + + .        (no shield)
rNeg    . . .        (body armour unavailable)
rPois   .            (helmet restricted)
rElec   .            m - +0 cloak
rCorr   .            t - +0 pair of gloves
SInv    .            (no boots)
Will    .....        (no amulet)
Stlth   +++          k - +3 ring of strength
HPRegen 0.39/turn    l - +3 ring of strength
MPRegen 0.08/turn

%: no teleportation
@: lethally poisoned (-4 -> -28), on berserk cooldown, slowed, very slow
A: AC +12, amphibious, unfitting armour, cold-blooded
a: Renounce Religion, Berserk, Trog's Hand, Brothers in Arms


You were in the Dungeon.
You worshipped Trog.
Trog was exalted by your worship.
You visited 1 branch You collected 675 gold pieces.

Inventory:

Hand Weapons
 a - a +0 spear
 j - a +2 halberd of protection
 n - a +2 demon trident
 r - a +1 antimagic glaive
 s - a +10 antimagic glaive
 u - the +10 trident of Dividends (weapon) {antimagic, rF- rC++}
   (Trog gifted it to you in the Dungeon)

   rF:        It makes you vulnerable to fire.
   rC:        It greatly protects you from cold.
Armour
 m - a +0 cloak (worn)
 t - a +0 pair of gloves (worn)
Jewellery
 k - a +3 ring of strength (left hand)
 l - a +3 ring of strength (right hand)
Wands
 i - a wand of roots (10)
Scrolls
 g - 6 scrolls of blinking
 p - 2 scrolls of enchant armour
 q - 2 scrolls of enchant weapon
Potions
 b - 6 potions of curing
 c - 4 potions of heal wounds
 d - a potion of haste
 e - 4 potions of magic
 f - 2 potions of berserk rage
 h - a potion of invisibility
 o - a potion of resistance


   Skills:
 + Level 16.7 Fighting
 + Level 20.0 Polearms
 + Level 13.9 Dodging
 + Level 4.7 Stealth


You had 10 spell levels left.
You didn't know any spells.
Your spell library was empty.

Dungeon Overview and Level Annotations

Branches:
Dungeon (1/1)

Altars:
Cheibriados
Dithmenos
Elyvilon
Fedhas
Gozag
Hepliaklqana
Kikubaaqudgha
Makhleb
Nemelex Xobeh
Okawaru
Qazlal
Ru
Sif Muna
Trog
Uskayaw
Vehumet
Wu Jian
Xom
Yredelemnul
Zin
The Shining One
Jiyva
Lugonu


Innate Abilities, Weirdness & Mutations

Your dull iron-grey scales are very hard. (AC +12)
You are amphibious.
You cannot fit into any form of body armour.
You are cold-blooded and may be slowed by cold attacks.


Message History

You hit the orc knight.
The orc knight is lightly wounded.
You impale the orc knight!!
The orc knight is heavily wounded.
You puncture the orc knight! You tail-slap the orc knight.
The orc knight is heavily wounded.
The orc knight closely misses you.
You hit the orc knight.
The orc knight is severely wounded.
You hit the orc knight.
The orc knight is severely wounded.
You puncture the orc knight!
The orc knight is almost dead.
The orc knight hits you with a +0 bardiche!
You closely miss the orc knight.
The orc knight is almost dead.
You closely miss the orc knight.
The orc knight is almost dead.
The orc knight misses you.
An orc warrior comes into view. It is wielding a +0 mace.
You impale the orc knight!!
You kill the orc knight!
Trog accepts your kill.
Your Polearms skill increases to level 20!
The orc warrior misses you.
The orc knight hits you with a +2 great sword of venom!!!
* * * LOW HITPOINT WARNING * * *
You are poisoned.
Items here: $ ) [ †.
You barely miss the orc knight.
You feel very sick.
You hit the orc knight.
The orc knight is lightly wounded.
You are no longer berserk.
You are exhausted.
You feel yourself slow down.
* * * LOW HITPOINT WARNING * * *
You feel very sick.
The orc knight hits you with a +2 great sword of venom!!
You die...

▓_▓.▓.▓.▓)▓
▓_▓.▓†▓.▓.▓
▓_▓.▓.▓.▓.▓
▓_▓.▓†▓.▓.▓
▓_▓.▓.▓.▓.▓
▓_▓.▓†▓.▓.▓
▓_▓.▓.▓.▓.▓
▓_▓.▓.▓.▓'▓
▓_▓.▓.▓.▓@▓
▓_▓)▓.▓.▓o▓
▓_▓.▓.▓.▓o▓
▓_▓.▓'▓.▓o▓
▓_▓.▓.▓.▓o▓
▓_▓.▓.▓.▓o▓
▓_▓.▓.▓.▓o▓
▓_▓.▓.▓.▓o▓
▓_▓.▓.▓.▓


You could see 2 orc knights, 3 orc warriors and 2 orcs.

Vanquished Creatures
  A two-headed ogre (D)
  4 death yaks (D)
  Sonja (D)
  2 orc knights (D)
  A manticore (D)
  A black mamba (D)
  5 cane toads (D)
  A kobold demonologist (D)
  2 komodo dragons (D)
  A dream sheep (D)
  2 wraiths (D)
  A vampire (D)
  2 wyverns (D)
  5 yaks (D)
  A vampire mosquito (D)
  3 water moccasins (D)
  An orc warrior (D)
  A centaur (D)
  A bullfrog (D)
  An orc priest (D)
  A gnoll bouda (D)
  A jelly (D)
  4 orc wizards (D)
  An iguana (D)
  8 orcs (D)
  2 endoplasms (D)
  A giant cockroach (D)
  A quokka (D)
  A frilled lizard (D)
  A rat (D)
58 creatures vanquished.

Vanquished Creatures (collateral kills)
  A centaur warrior (D)
  A boulder beetle (D)
  A catoblepas (D)
  2 death yaks (D)
5 creatures vanquished.

Grand Total: 63 creatures vanquished

Notes
Turn   | Place    | Note
-------+----------+-------------------------------------------
     0 | D        | boopmooplesden the Draconian Berserker began the quest for
                  | the Orb.
     0 | D        | Reached XP level 1. HP: 19/19 MP: 1/1
    12 | D        | Reached ** piety under Trog
    22 | D        | Noticed an iguana
    22 | D        | Noticed a jelly
    32 | D        | Killed an iguana
    32 | D        | Reached *** piety under Trog
    33 | D        | Reached skill level 5 in Fighting
    33 | D        | Reached skill level 4 in Polearms
    33 | D        | Reached XP level 2. HP: 29/29 MP: 2/2
    33 | D        | Reached XP level 3. HP: 36/36 MP: 3/3
    41 | D        | Reached skill level 5 in Polearms
    45 | D        | Found a snail-covered altar of Cheibriados.
    45 | D        | Found a shadowy altar of Dithmenos.
    45 | D        | Found a white marble altar of Elyvilon.
    45 | D        | Found a blossoming altar of Fedhas.
    45 | D        | Found an opulent altar of Gozag.
    46 | D        | Found a hazy altar of Hepliaklqana.
    47 | D        | Found a viscous altar of Jiyva.
    48 | D        | Found an ancient bone altar of Kikubaaqudgha.
    49 | D        | Found a corrupted altar of Lugonu.
    50 | D        | Found a burning altar of Makhleb.
    51 | D        | Found a sparkling altar of Nemelex Xobeh.
    52 | D        | Found an iron altar of Okawaru.
    53 | D        | Found a stormy altar of Qazlal.
    54 | D        | Found a sacrificial altar of Ru.
    55 | D        | Found a shimmering blue altar of Sif Muna.
    56 | D        | Found a bloodstained altar of Trog.
    57 | D        | Found a hide-covered altar of Uskayaw.
    58 | D        | Found a radiant altar of Vehumet.
    59 | D        | Found an ornate altar of the Wu Jian Council.
    60 | D        | Found a shimmering altar of Xom.
    61 | D        | Found a basalt altar of Yredelemnul.
    62 | D        | Found a glowing silver altar of Zin.
    63 | D        | Found a glowing golden altar of the Shining One.
   103 | D        | Noticed a yak
   103 | D        | Noticed a wraith
   103 | D        | Noticed a kobold demonologist
   103 | D        | Noticed a centaur
   103 | D        | Noticed a vampire
   110 | D        | Killed a yak
   110 | D        | Reached **** piety under Trog
   111 | D        | Reached skill level 8 in Polearms
   111 | D        | Reached XP level 4. HP: 48/48 MP: 4/4
   111 | D        | Reached XP level 5. HP: 53/53 MP: 5/5
   116 | D        | Killed a wraith
   117 | D        | Reached skill level 9 in Polearms
   117 | D        | Reached XP level 6. HP: 63/63 MP: 6/6
   135 | D        | Killed a kobold demonologist
   136 | D        | Reached skill level 11 in Polearms
   136 | D        | Your scales start taking on a dull iron-grey colour.
   136 | D        | Reached XP level 7. HP: 47/71 MP: 7/7
   138 | D        | Reached skill level 10 in Fighting
   148 | D        | Killed a vampire
   148 | D        | Reached ***** piety under Trog
   149 | D        | Reached skill level 12 in Polearms
   170 | D        | Noticed a two-headed ogre
   170 | D        | Noticed a vampire mosquito
   170 | D        | Noticed a wraith
   170 | D        | Noticed a manticore
   170 | D        | Noticed a boulder beetle
   170 | D        | Noticed a centaur warrior
   174 | D        | Killed a two-headed ogre
   175 | D        | Reached skill level 13 in Polearms
   175 | D        | Reached XP level 8. HP: 82/82 MP: 8/8
   183 | D        | Reached skill level 14 in Polearms
   191 | D        | Killed a manticore
   191 | D        | Received a gift from Trog
   192 | D        | Reached XP level 9. HP: 30/90 MP: 9/9
   196 | D        | Killed a centaur warrior
   197 | D        | Reached skill level 15 in Polearms
   197 | D        | Reached skill level 10 in Dodging
   199 | D        | Killed a boulder beetle
   289 | D        | Noticed Sonja
   293 | D        | Killed Sonja
   294 | D        | Reached skill level 16 in Polearms
   476 | D        | Noticed a cane toad
   476 | D        | Noticed a cane toad
   476 | D        | Noticed a cane toad
   476 | D        | Noticed a black mamba
   480 | D        | Killed a cane toad
   481 | D        | Reached skill level 1 in Stealth
   481 | D        | Reached XP level 10. HP: 101/101 MP: 10/10
   482 | D        | Killed a cane toad
   486 | D        | Killed a cane toad
   487 | D        | Reached skill level 17 in Polearms
   489 | D        | Killed a black mamba
   506 | D        | Reached ****** piety under Trog
   573 | D        | Received a gift from Trog
   576 | D        | Noticed a cane toad
   579 | D        | Noticed a cane toad
   585 | D        | Reached skill level 18 in Polearms
   601 | D        | Killed a cane toad
   605 | D        | Killed a cane toad
   758 | D        | Noticed a death yak
   758 | D        | Noticed a death yak
   758 | D        | Noticed a death yak
   758 | D        | Noticed a death yak
   758 | D        | Noticed a catoblepas
   760 | D        | Noticed a death yak
   768 | D        | Killed a death yak
   769 | D        | Reached skill level 15 in Fighting
   769 | D        | Reached XP level 11. HP: 112/112 MP: 11/11
   774 | D        | Killed a death yak
   775 | D        | Reached skill level 19 in Polearms
   779 | D        | Killed a death yak
   781 | D        | Noticed a death yak
   814 | D        | Killed a death yak
   842 | D        | Killed a catoblepas
   842 | D        | Received a gift from Trog
   844 | D        | Killed a death yak
   846 | D        | Killed a death yak
  1303 | D        | Noticed an orc knight
  1311 | D        | Received a gift from Trog
  1317 | D        | Killed an orc knight
  1325 | D        | Identified the +10 trident of Dividends {antimagic, rF-
                  | rC++} (Trog gifted it to you in the Dungeon)
  1325 | D        | Received a gift from Trog
  1467 | D        | Noticed an orc knight
  1467 | D        | Noticed an orc knight
  1467 | D        | Noticed an orc knight
  1479 | D        | Killed an orc knight
  1480 | D        | Reached skill level 20 in Polearms
  1482 | D        | Slain by an orc knight

Illustrated notes

Levels and vault maps discovered:
D:        linesprint [early_d, line_temple, items_1, d_10, items_2, lair_1,
          lair_end, items_3, orc_1, orc_end, items_4, d_15, swamp_1, shoals_1,
          snake_1, spider_1, d_20, vaults_1, items_5, swamp_end, shoals_end,
          snake_end, spider_end, vaults_end, d_27, items_6, zot_1, zot_end,
          crypt_end, forest_end, elf_end, slime_end, tomb_end, abyss_end,
          pan_hell_end]

Skill      XL: |  1  2  3  4  5  6  7  8  9 10 11 |
---------------+----------------------------------+-----
Dodging        | 4 6 7 9 11 12 13 | 13.9
Fighting       | 5 7 9 11 12 13 15 16 | 16.7
Polearms       | 4 8 9 11 13 14 16 18 20 | 20.0
Stealth        | 1 2 4 |  4.7

Action                     |  1- 3 |  4- 6 |  7- 9 | 10-12 || total
---------------------------+-------+-------+-------+-------++-------
  Melee: Spear             |    27 |       |       |       ||    27
         Halberd           |     6 |    24 |    36 |    93 ||   159
         Tailslap          |     1 |     4 |     7 |    20 ||    32
         Glaive            |       |       |       |    23 ||    23
         Trident           |       |       |       |    12 ||    12
 Invoke: Berserk           |     2 |       |     3 |     4 ||     9
         Trog's Hand       |       |       |     2 |     1 ||     3
         Brothers in Arms  |       |       |     1 |     1 ||     2
    Use: Potion            |       |       |     1 |       ||     1
         Scroll            |       |       |       |     1 ||     1
   Stab: Petrified         |       |       |       |     2 ||     2
 Armour: Skin              |     4 |     6 |    24 |    26 ||    60
  Dodge: Dodged            |    11 |    17 |    49 |    45 ||   122
